 Dungeon Crawl Stone Soup version 0.26-a0-651-gb41185065b (webtiles) character file.

Game seed: 14454403322714660465

41605 Mesmaeker13 the Summoner (level 13, -3/74 HPs)
             Began as a Deep Elf Summoner on Oct 4, 2020.
             Was the Champion of Fedhas.
             Killed from afar by a fire giant (17 damage)
             ... with a bolt of fire
             ... on level 11 of the Dungeon.
             The game lasted 01:20:06 (33802 turns).

Mesmaeker13 the Summoner (Deep Elf Summoner)       Turns: 33802, Time: 01:20:07

Health: -3/74      AC: 11    Str:  9    XL:     13   Next: 80%
Magic:  29/29      EV: 19    Int: 25    God:    Fedhas [******]
Gold:   1296       SH:  0    Dex: 15    Spells: 21/32 levels left

rFire    + . .     SeeInvis +   K - +5 trident (vorpal)
rCold    + . .     Faith    .   (no shield)
rNeg     . . .     Spirit   .   P - +3 leather armour {rPois}
rPois    +         Reflect  .   D - +2 helmet
rElec    .         Harm     .   k - scarf {rC+ rF+}
rCorr    .         Rampage  .   t - +1 pair of gloves {Str+3}
MR       ++...                  (no boots)
Stlth    ++........             (no amulet)
HPRegen  0.22/turn              A - ring of protection from magic
MPRegen  0.21/turn              M - ring of see invisible

@: about to teleport
A: no striking features
a: Wall of Briars, Grow Ballistomycete, Overgrow, Grow Oklob, Renounce Religion


You were on level 11 of the Dungeon.
You worshipped Fedhas.
Fedhas was exalted by your worship.
You visited 3 branches of the dungeon, and saw 19 of its levels.
You also visited: Volcano.

You collected 2430 gold pieces.
You spent 1134 gold pieces at shops.

Inventory:

Hand Weapons
 r - a +3 scimitar of flaming
 K - a +5 vorpal trident (weapon)
Missiles
 e - a throwing net (quivered)
Armour
 k - a scarf of resistance (worn)
 t - a +1 pair of gloves of strength (worn)
 y - a +0 kite shield
 D - a +2 helmet (worn)
 G - a +2 robe of resistance
 P - a +3 leather armour of poison resistance (worn)
Jewellery
 b - an uncursed ring of protection from magic
 l - an uncursed ring of resist corrosion
 o - a +4 ring of evasion
 x - an uncursed ring of flight
 A - a ring of protection from magic (left hand)
 H - an uncursed ring of wizardry
 L - a +4 ring of protection
 M - a ring of see invisible (right hand)
Wands
 a - a wand of disintegration (5)
 s - a wand of iceblast (4)
Scrolls
 g - 4 scrolls of teleportation
 h - 11 scrolls of remove curse
 j - a scroll of acquirement {unknown}
 n - a scroll of enchant weapon
 z - 2 scrolls of blinking
 E - 2 scrolls of vulnerability
 J - 2 scrolls of magic mapping
Potions
 c - 4 potions of lignification
 d - 2 potions of stabbing {unknown}
 f - 4 potions of curing
 i - 3 potions of magic
 m - 2 potions of haste
 p - 4 potions of mutation
 q - 4 potions of flight {unknown}
 u - 4 potions of degeneration {unknown}
 v - 2 potions of berserk rage {unknown}
 B - 2 potions of resistance {unknown}
 C - 6 potions of brilliance {unknown}
 N - a potion of might {unknown}
Miscellaneous
 F - a phial of floods


   Skills:
 - Level 6.0 Fighting
 - Level 4.1 Polearms
 - Level 12.0 Dodging
 - Level 2.4 Stealth
 + Level 1.9 Shields
 - Level 10.0 Spellcasting
 + Level 14.9 Summonings
 - Level 7.0 Ice Magic
 - Level 9.0 Air Magic
 * Level 7.1 Invocations


You had 21 spell levels left.
You knew the following spells:

 Your Spells              Type           Power        Failure   Level
c - Call Canine Familiar  Summ           ######..     1%          3
d - Summon Ice Beast      Ice/Summ       ######..     1%          4
e - Summon Lightning Spi  Summ/Air       ######..     1%          4

Your spell library contained the following spells:

 Spells                   Type           Power        Failure   Level
 Summon Small Mammal      Summ           ####         0%          1
 Shock                    Conj/Air       ####         1%          1
 Call Imp                 Summ           ######..     1%          2
 Poisonous Vapours        Pois/Air       #####.       1%          2
 Swiftness                Air            ######..     1%          2
 Summon Guardian Golem    Hex/Summ       #####...     1%          3
 Mephitic Cloud           Conj/Pois/Air  ####....     6%          3
 Beastly Appendage        Tmut           ##....       7%          1
 Corona                   Hex            ##.....      7%          1
 Magic Dart               Conj           ##..         7%          1
 Sting                    Tmut/Pois      ##..         7%          1
 Blink                    Tloc           N/A          11%         2
 Slow                     Hex            ##......     11%         2
 Wereblood                Tmut           ##......     11%         2
 Ice Form                 Ice/Tmut       ####....     16%         4
 Confusing Touch          Hex            ##......     21%         3
 Conjure Flame            Conj/Fire      ##......     21%         3
 Gell's Gravitas          Tloc           ##........   21%         3
 Ignite Poison            Fire/Tmut/Pois ##......     21%         3
 Inner Flame              Hex/Fire       ##......     21%         3
 Portal Projectile        Hex/Tloc       ##....       21%         3
 Spider Form              Tmut/Pois      ##........   21%         3
 Metabolic Englaciation   Hex/Ice        ####......   41%         5
 Cause Fear               Hex            ##........   56%         4
 Leda's Liquefaction      Hex/Erth       ##........   56%         4
 Olgreb's Toxic Radiance  Pois           ##......     56%         4
 Petrify                  Tmut/Erth      ##......     56%         4
 Blade Hands              Tmut           ##........   88%         5
 Yara's Violent Unravell  Hex/Tmut       ##........   88%         5
 Simulacrum               Ice/Necr       ####......   94%         6
 Death Channel            Necr           ##........   100%        6


Dungeon Overview and Level Annotations

Branches:
Dungeon (11/15)            Temple (0/1) D:7            Lair (6/6) D:8
  Swamp (0/4) Lair:2        Snake (0/4) Lair:3        Slime (0/5) Lair:6
    Orc (2/2) D:9             Elf (0/3) Orc:2       Volcano (visited)

Altars:
Cheibriados
Dithmenos
Elyvilon
Fedhas
Nemelex Xobeh
Okawaru
Qazlal
Sif Muna
Vehumet
Xom
The Shining One
Beogh

Shops:
D:8 ?   D:9 [   D:10 [   Orc:2 [[*((


Message History

A fire giant and a phantasmal warrior come into view.
The fire giant is wielding a +1 great sword of flaming.
The fire giant shouts!
The phantasmal warrior blinks!
The fire giant barely misses you.
The phantasmal warrior barely misses you.
Unknown command.
The phantasmal warrior blinks!
The fire giant hits you with a +1 great sword of flaming!!
As you read the scroll of teleportation, it crumbles to dust.
You feel strangely unstable. The phantasmal warrior hits you!
The fire giant gestures at you while chanting.
The fireball explodes!
The fireball engulfs you!! You resist.
* * * LOW HITPOINT WARNING * * *
Unknown command.
Okay, then.
The fire giant casts a spell at you. The bolt of fire hits you! You resist.
You die...
Fedhas appreciates your contribution to the ecosystem.

.#### ##(#...#.#
....#########.#.....#
.##.#......#.#..######
..#.#####.#.#.#.#.|).
.##.#....#.#..#.##..##.#
....#...#.#.#.#.#....#.#
.##.####.#..#.#.##C.##.#
...>#.#.#.#.#.#.#.W..#.#
.##.##.#.#.#.#.#@.##.#.#
.##.#(#..#.#.#.#.....#.#
..).#)################.#
......(....# #........#
.###.#####.####.######.#
.............../#### #.#
.###.##########....# #.#
.###.#### ###### #.#
.##.....# #.# #.#


You could see a fire giant and a phantasmal warrior.

Vanquished Creatures
  Azrael (Orc:2)
  Urug (D:9)
  Nergalle (Orc:1)
  2 unseen horrors (D:11)
  2 orc knights (Orc:2)
  2 orc sorcerers (Orc:2)
  An ugly thing (D:11)
  An elephant (Lair:6)
  A cane toad (Lair:6)
  A hippogriff (Lair:6)
  A slime creature (Lair:6)
  10 yaks
  2 fire elementals
  4 water moccasins
  3 orc warriors
  A phantom (D:7)
  A sky beast (D:10)
  2 ice beasts
  A wolf (Lair:2)
  3 centaurs
  A crocodile (Lair:1)
  6 bullfrogs
  3 jellies
  5 orc priests
  2 orc wizards (Orc:2)
  A worker ant (D:7)
  A killer bee zombie (D:10)
  A gnoll (Orc:2)
  3 adders
  A shadow imp (D:5)
  3 white imps
  An ufetubus (D:4)
  An ooze (D:3)
  4 leopard geckos
  10 orcs
  2 giant cockroaches
  2 hobgoblins (D:3)
  8 jackals
  A kobold (D:1)
  4 quokkas
  A ball python skeleton (D:5)
  3 bats
  2 frilled lizards (D:1)
  5 goblins
  A jackal zombie (D:5)
  A leopard gecko skeleton (D:6)
  2 quokka zombies
  4 rats
120 creatures vanquished.

Vanquished Creatures (collateral kills)
  Nessos (Orc:2)
  Snorg (Orc:2)
  A fire dragon (Lair:2)
  Erolcha (Orc:1)
  4 catoblepae
  A centaur warrior (D:11)
  2 hydras
  Erica (Orc:2)
  A two-headed ogre (Volcano)
  16 death yaks
  4 orc high priests (Orc:2)
  4 skeletal warriors (D:11)
  5 orc knights
  3 orc sorcerers (Orc:2)
  A lindwurm (Lair:2)
  3 ugly things
  3 manticores
  Maurice (Orc:2)
  2 black mambas
  10 elephants
  7 cane toads
  A rime drake (Lair:3)
  6 komodo dragons
  4 trolls
  A polar bear (Lair:4)
  8 blink frogs (Lair:4)
  6 hippogriffs
  2 tyrant leeches (Lair:2)
  19 dream sheep (Lair:5)
  Grinder (D:5)
  A slime creature (Lair:6)
  A shadow (D:11)
  2 wyverns
  3 humans (Lair:5)
  2 fire bats (Volcano)
  32 yaks
  2 basilisks
  A vampire mosquito (D:11)
  Grum (Lair:1)
  3 steam dragons
  Edmund (D:5)
  A swamp worm (Lair:2)
  4 wargs
  12 water moccasins
  5 hell hounds
  8 porcupines
  2 ice beasts
  Duvessa (D:5)
  14 orc warriors
  2 black bears
  7 ogres
  3 phantoms
  A sky beast (D:6)
  12 wolves
  8 centaurs
  8 crocodiles
  Blork the orc (D:5)
  A gnoll sergeant (Orc:2)
  9 bullfrogs
  Dowan (D:5)
  4 scorpions
  5 wights (D:7)
  2 jellies
  An electric eel (Lair:2)
  5 howler monkeys
  2 nameless horrors
  A hound (D:4)
  7 orc priests
  11 orc wizards
  Jessica (D:3)
  3 iguanas
  Ijyb (D:5)
  8 worker ants
  Robin (D:3)
  6 adders
  7 gnolls
  2 white imps
  2 ufetubi
  An ooze (D:3)
  An adder skeleton (D:5)
  An adder zombie (D:7)
  4 leopard geckos
  37 orcs
  A giant cockroach (D:1)
  12 goblins
  6 hobgoblins
  4 jackals
  2 kobolds (D:3)
  5 quokkas
  5 bats
  A frilled lizard (D:4)
  A jackal skeleton (D:4)
  4 rats
423 creatures vanquished.

Vanquished Creatures (others)
  3 two-headed ogres (Volcano)
  A human (Lair:5)
  2 bushes (Lair:6)
  53 fungi
  78 plants
137 creatures vanquished.

Grand Total: 680 creatures vanquished

Notes
Turn   | Place    | Note
-------+----------+-------------------------------------------
     0 | D:1      | Mesmaeker13 the Deep Elf Summoner began the quest for the
                  | Orb.
     0 | D:1      | Reached XP level 1. HP: 10/10 MP: 6/6
   545 | D:1      | Reached XP level 2. HP: 15/15 MP: 5/8
  1300 | D:2      | Learned a level 2 spell: Call Imp
  1498 | D:2      | Found a blossoming altar of Fedhas.
  1521 | D:2      | Became a worshipper of Fedhas Madash
  1653 | D:2      | Reached XP level 3. HP: 19/19 MP: 7/10
  2097 | D:3      | Noticed Jessica
  2101 | D:3      | Found a shadowy altar of Dithmenos.
  2137 | D:4      | Learned a level 3 spell: Call Canine Familiar
  2153 | D:4      | Reached skill level 5 in Summonings
  2612 | D:4      | Found a sparkling altar of Nemelex Xobeh.
  2751 | D:4      | Reached XP level 4. HP: 24/24 MP: 9/12
  2941 | D:4      | Got a steaming robe
  2952 | D:4      | Identified the cursed +1 robe "Wus Acso" {Int+4} (You found
                  | it on level 4 of the Dungeon)
  3511 | D:5      | Entered Level 5 of the Dungeon
  3539 | D:3      | Reached * piety under Fedhas
  3561 | D:3      | Killed Jessica
  3665 | D:3      | Noticed a centaur
  3680 | D:3      | Killed a centaur
  3680 | D:3      | Reached skill level 5 in Spellcasting
  3680 | D:3      | Reached XP level 5. HP: 8/28 MP: 6/14
  3959 | D:3      | Noticed Robin
  4010 | D:3      | Killed Robin
  4996 | D:5      | Learned a level 4 spell: Summon Ice Beast
  5059 | D:5      | Noticed Duvessa
  5073 | D:5      | Noticed Dowan
  5080 | D:5      | Killed Duvessa
  5080 | D:5      | Reached skill level 6 in Summonings
  5080 | D:5      | Reached XP level 6. HP: 32/32 MP: 11/16
  5087 | D:5      | Killed Dowan
  5087 | D:5      | Reached skill level 1 in Ice Magic
  5116 | D:5      | Found a white marble altar of Elyvilon.
  5162 | D:5      | Noticed a water moccasin
  5170 | D:5      | Reached skill level 5 in Dodging
  5182 | D:5      | Killed a water moccasin
  5191 | D:5      | Noticed Edmund
  5213 | D:5      | Killed Edmund
  5362 | D:5      | Noticed Ijyb
  5388 | D:5      | Killed Ijyb
  5420 | D:5      | Reached XP level 7. HP: 32/36 MP: 8/18
  5523 | D:5      | Reached ** piety under Fedhas
  5786 | D:5      | Found an iron altar of Okawaru.
  5949 | D:5      | Noticed Grinder
  5972 | D:5      | Paralysed by Grinder for 4 turns
  5972 | D:5      | Killed Grinder
  6819 | D:6      | Found a glowing golden altar of the Shining One.
  7030 | D:6      | Noticed Blork the orc
  7311 | D:5      | Killed Blork the orc
  7444 | D:6      | Reached skill level 7 in Summonings
  7692 | D:6      | Reached XP level 8. HP: 31/41 MP: 17/20
  7900 | D:7      | Found a snail-covered altar of Cheibriados.
  8431 | D:7      | Found a staircase to the Ecumenical Temple.
  8616 | D:7      | Reached *** piety under Fedhas
  8874 | D:7      | Found a stormy altar of Qazlal.
  8874 | D:7      | Found a white marble altar of Elyvilon.
  8876 | D:7      | Found a shimmering blue altar of Sif Muna.
  9671 | D:8      | Found a staircase to the Lair.
  9880 | D:8      | Reached skill level 5 in Ice Magic
 10033 | D:8      | Reached skill level 8 in Summonings
 10193 | D:8      | Found Vaogg's Magic Scroll Shoppe.
 10631 | D:8      | Noticed a hippogriff
 10639 | D:8      | Killed a hippogriff
 10639 | D:8      | Reached XP level 9. HP: 45/45 MP: 15/23
 11024 | D:9      | Noticed a manticore
 11205 | D:9      | Reached **** piety under Fedhas
 11216 | D:9      | Killed a manticore
 11229 | D:9      | Found Vone's Antique Armour Shop.
 11252 | D:9      | Bought a pair of embroidered gloves for 232 gold pieces
 11410 | D:9      | Found a staircase to the Orcish Mines.
 11693 | D:9      | Noticed a brown ugly thing
 11701 | D:9      | Killed a brown ugly thing
 11701 | D:9      | Reached skill level 9 in Summonings
 11802 | D:9      | Learned a level 4 spell: Summon Lightning Spire
 11912 | D:10     | Entered Level 10 of the Dungeon
 12331 | D:10     | Reached skill level 1 in Air Magic
 12420 | D:10     | Found Ykhlugh's Armour Shop.
 12612 | D:11     | Noticed a white ugly thing
 12780 | D:11     | Killed a white ugly thing
 12780 | D:11     | Reached skill level 10 in Spellcasting
 12780 | D:11     | Reached XP level 10. HP: 46/50 MP: 12/26
 12886 | D:11     | Noticed a skeletal warrior
 12958 | Lair:1   | Entered Level 1 of the Lair of Beasts
 12958 | Lair:1   | Noticed Grum
 13133 | Lair:1   | Killed Grum
 13349 | Lair:1   | Reached ***** piety under Fedhas
 13608 | Lair:1   | Noticed a black mamba
 13617 | Lair:1   | Killed a black mamba
 13692 | Lair:1   | Noticed a cane toad
 13702 | Lair:1   | Killed a cane toad
 14296 | D:10     | Bought a +3 leather armour of poison resistance for 252
                  | gold pieces
 14543 | Lair:2   | Found a dark tunnel.
 14547 | Lair:2   | Noticed a lindwurm
 14552 | Lair:2   | Killed a lindwurm
 14552 | Lair:2   | Reached skill level 10 in Dodging
 14552 | Lair:2   | Reached skill level 10 in Summonings
 14558 | Volcano  | Entered a volcano
 14719 | Volcano  | Noticed a two-headed ogre
 14726 | Volcano  | Noticed a two-headed ogre
 14728 | Volcano  | Noticed a two-headed ogre
 14730 | Volcano  | Killed a two-headed ogre
 14732 | Volcano  | Noticed a two-headed ogre
 14736 | Volcano  | Killed a two-headed ogre
 14737 | Volcano  | Killed a two-headed ogre
 14738 | Volcano  | Killed a two-headed ogre
 15763 | Lair:2   | Noticed a fire dragon
 15800 | Lair:2   | Killed a fire dragon
 15800 | Lair:2   | Reached skill level 5 in Air Magic
 15830 | Lair:2   | Identified Iliocles's Reference Book on the Entourage and
                  | Darkness
 15832 | Lair:2   | Identified the Collected Works on Feathery Black Arts
 16044 | Lair:2   | Noticed a catoblepas
 16062 | Lair:2   | Noticed an oklob plant
 16117 | Lair:2   | Killed a catoblepas
 16117 | Lair:2   | Reached XP level 11. HP: 54/54 MP: 10/27
 16802 | Lair:2   | Found a staircase to the Swamp.
 17259 | Lair:2   | Reached skill level 11 in Summonings
 18132 | Lair:3   | Found a staircase to the Snake Pit.
 19298 | Lair:4   | Reached skill level 1 in Fighting
 20443 | Lair:5   | Reached skill level 12 in Summonings
 20773 | Lair:5   | Noticed a six-headed hydra
 20783 | Lair:5   | Killed a six-headed hydra
 20783 | Lair:5   | Reached XP level 12. HP: 64/64 MP: 13/28
 20978 | Lair:5   | Found a shimmering altar of Xom.
 21158 | Lair:5   | Reached ****** piety under Fedhas
 21262 | Lair:5   | Noticed a death yak
 21263 | Lair:5   | Noticed a death yak
 21263 | Lair:5   | Noticed a death yak
 21264 | Lair:5   | Noticed a death yak
 21322 | Lair:5   | Noticed a death yak
 21323 | Lair:5   | Noticed a death yak
 21324 | Lair:5   | Noticed a death yak
 21337 | Lair:5   | Noticed a death yak
 21337 | Lair:5   | Noticed a death yak
 21393 | Lair:5   | Killed a death yak
 21457 | Lair:4   | Killed a death yak
 21958 | Lair:4   | Killed a death yak
 22164 | Lair:5   | Killed a death yak
 22168 | Lair:5   | Killed a death yak
 22345 | Lair:5   | Killed a death yak
 22349 | Lair:5   | Killed a death yak
 22363 | Lair:5   | Killed a death yak
 22623 | Lair:5   | Killed a death yak
 23223 | Lair:6   | Entered Level 6 of the Lair of Beasts
 23717 | Lair:6   | Reached skill level 13 in Summonings
 23850 | Lair:6   | Reached skill level 5 in Fighting
 24669 | Lair:6   | Found a staircase to the Slime Pits.
 25063 | Lair:6   | Noticed a catoblepas
 25076 | Lair:6   | Killed a catoblepas
 25193 | Lair:6   | Noticed a catoblepas
 25233 | Lair:6   | Killed a catoblepas
 25355 | Lair:6   | Noticed a death yak
 25362 | Lair:6   | Noticed a death yak
 25364 | Lair:6   | Noticed a death yak
 25367 | Lair:6   | Noticed a death yak
 25371 | Lair:6   | Noticed a death yak
 25371 | Lair:6   | Noticed a death yak
 25376 | Lair:6   | Reached skill level 1 in Polearms
 25395 | Lair:6   | Killed a death yak
 25533 | Lair:6   | Killed a death yak
 25539 | Lair:6   | Noticed a death yak
 25603 | Lair:5   | Killed a death yak
 25835 | Lair:6   | Noticed a catoblepas
 25869 | Lair:6   | Killed a catoblepas
 26044 | Lair:6   | Killed a death yak
 26044 | Lair:6   | Reached skill level 14 in Summonings
 26081 | Lair:6   | Killed a death yak
 26081 | Lair:6   | Reached XP level 13. HP: 36/74 MP: 8/29
 26673 | Orc:1    | Entered Level 1 of the Orcish Mines
 26851 | Orc:1    | Noticed Nergalle
 26864 | Orc:1    | Killed Nergalle
 27061 | Orc:1    | Found a roughly hewn altar of Beogh.
 27307 | Orc:2    | Entered Level 2 of the Orcish Mines
 27307 | Orc:2    | Noticed Urug
 27688 | D:8      | Bought a scroll of identify for 30 gold pieces
 27688 | D:8      | Bought a scroll of identify for 30 gold pieces
 28214 | D:9      | Killed Urug
 28417 | Orc:1    | Reached skill level 1 in Invocations
 28842 | Orc:2    | Noticed Azrael
 29235 | Orc:2    | Killed Azrael
 29356 | Orc:1    | Noticed Erica
 29358 | Orc:1    | Noticed Erolcha
 29373 | Orc:2    | Killed Erica
 29399 | Orc:2    | Noticed Nessos
 29574 | Orc:2    | Found a radiant altar of Vehumet.
 29802 | Orc:2    | HP: 2/74 [orc warrior/+0 dire flail (24)]
 29822 | Orc:2    | Killed Nessos
 30202 | Orc:2    | Noticed Maurice
 30206 | Orc:2    | Noticed Snorg
 30214 | Orc:2    | Killed Snorg
 30220 | Orc:2    | Killed Maurice
 30412 | Orc:1    | Killed Erolcha
 30629 | Orc:2    | Found Suraatuss's Armour Boutique.
 30746 | Orc:2    | Found a staircase to the Elven Halls.
 30947 | Orc:2    | Reached skill level 5 in Invocations
 31910 | Orc:2    | Found Lair's Antique Weapon Shop.
 31914 | Orc:2    | Found Zashri Tuempi's Antique Weapon Emporium.
 31920 | Orc:2    | Found Zocavu's Assorted Antiques.
 31922 | Orc:2    | Found Usydden's Antique Armour Shop.
 31930 | Orc:2    | Bought a glowing cloak for 240 gold pieces
 31985 | Orc:2    | Bought a scroll of teleportation for 105 gold pieces
 31985 | Orc:2    | Bought a scroll of identify for 70 gold pieces
 31985 | Orc:2    | Bought a glowing tourmaline ring for 175 gold pieces
 32620 | D:11     | Reached skill level 1 in Shields
 33797 | D:11     | Noticed a fire giant
 33802 | D:11     | Killed from afar by a fire giant

Illustrated notes

Levels and vault maps discovered:
D:1:      psy_arrival_dodecagon, layout_basic
D:2:      layout_rooms, minmay_misc_feat_chi, fedhas_altar_3
D:3:      layout_loops_ring, serial_forest, infiniplex_forest_corner_2,
          infiniplex_forest_3_way, infiniplex_forest_end_1,
          infiniplex_forest_lined_2, infiniplex_forest_end_1,
          infiniplex_forest_zigzag_1, infiniplex_forest_straight_5,
          infiniplex_forest_clump_small, grunt_dithmenos_smoke, uniq_robin,
          uniq_jessica
D:4:      cheibrodos_quashed, layout_loops_corners,
          nicolae_overflow_crystal_walls
D:5:      layout_loops_ring, okawaru_altar_gauntlet_db, glass_columns_a,
          elyvilon_altar_3, uniq_grinder, uniq_duvessa, uniq_ijyb, uniq_edmund
D:6:      layout_loops_cross, tso_altar, st_stairs_5, uniq_blork_the_orc
D:7:      layout_basic, nicolae_overflow_hidden_temple, cheibrodos_worm_habitat,
          minmay_temple_entry_grid
D:8:      layout_layer_cave, dpeg_oklobed_lair, serial_shops,
          kennysheep_little_box
D:9:      layout_big_octagon, david_orc_1_choice, serial_shops,
          nicolae_shop_temple_entry_statues_fountains
D:10:     layout_gridville, serial_shops, shop
D:11:     minmay_tearing_corner, layout_basic, nicolae_trove_entry_path_of_doom
Lair:1:   layout_regular_city, nicolae_quartered_pool_medium, uniq_grum
Lair:2:   dragon1_lemuel, layout_small_grid, minmay_swamp_entry_worms,
          nicolae_volcano_entry_vermiform, minmay_lair_oklob_bushes,
          infiniplex_staircase_pool
Lair:3:   layout_regular_city, dummy_snake_entry, grunt_megastairs_1
Lair:4:   layout_small_grid
Lair:5:   slaughterhouse, layout_regular_city, lemuel_centaur_altar
Lair:6:   evilmike_catoblepas_cave, layout_regular_city,
          minmay_slime_entry_pillars
Orc:1:    layout_diamond_mine, lemuel_statue_altar, uniq_erica, uniq_nergalle,
          uniq_erolcha
Orc:2:    st_orc_elflike, layout_caves, serial_shops, shop, basic_altar,
          sword_in_stone, uniq_snorg, uniq_azrael, uniq_maurice, uniq_nessos

Skill      XL: |  1  2  3  4  5  6  7  8  9 10 11 12 13 |
---------------+----------------------------------------+-----
Dodging        | 3 4 5 6 7 9 11 12 | 12.0
Summonings     | 5 6 7 8 9 10 12 14 | 14.9
Spellcasting   | 4 5 6 7 8 10 | 10.0
Ice Magic      | 2 3 5 7 |  7.0
Air Magic      | 1 5 8 9 |  9.0
Fighting       | 3 6 |  6.0
Polearms       | 2 4 |  4.1
Invocations    | 7 |  7.1
Shields        | 1 |  1.9
Stealth        | |  2.4

Action                   |  1- 3 |  4- 6 |  7- 9 | 10-12 | 13-15 || total
-------------------------+-------+-------+-------+-------+-------++-------
Melee: Unarmed           |    10 |       |       |       |       ||    10
       Dagger            |    78 |    69 |       |       |       ||   147
       Spear             |       |    56 |   113 |       |       ||   169
       Trident           |       |       |   127 |   236 |   205 ||   568
Throw: Dart              |     1 |     5 |     9 |       |       ||    15
 Cast: Summon Small Mamm |    20 |       |       |     1 |       ||    21
       Call Imp          |    22 |    24 |    17 |       |       ||    63
       Call Canine Famil |     2 |    19 |    41 |    27 |    20 ||   109
       Summon Ice Beast  |       |     3 |    49 |   165 |   104 ||   321
       Summon Lightning  |       |       |     8 |    97 |    68 ||   173
Invok: Grow Ballistomyce |       |       |       |       |     1 ||     1
Evoke: Wand              |       |       |     4 |     6 |    13 ||    23
       Phial of floods   |       |       |       |     2 |       ||     2
  Use: Scroll            |     2 |     6 |     9 |    16 |    14 ||    47
       Potion            |       |       |       |     3 |    10 ||    13
 Stab: Sleeping          |     6 |     3 |    12 |     2 |     2 ||    25
       Distracted        |     1 |     3 |     3 |    11 |     5 ||    23
Armor: Robe              |    12 |    15 |    23 |    16 |     2 ||    68
       Leather armour    |       |       |       |    51 |    56 ||   107
Dodge: Dodged            |    81 |    80 |   214 |   217 |   200 ||   792

Table legend: (Time is in decaauts)
 A = Elapsed time spent in this place.
 B = Non-inter-level travel time spent in this place.
 C = Inter-level travel time spent in this place.
 D = Time resting spent in this place.
 E = Time spent auto-exploring this place.
 F = Levels seen in this place.
 G = Mean time per level.
                   A        B        C        D        E       F      G
               +--------+--------+--------+--------+--------+-----+--------+
         Total |  34054 |  32226 |   1828 |  10603 |  14295 |  20 | 1702.7 |
       Dungeon |  15759 |  14679 |   1080 |   3443 |   8009 |  11 | 1432.6 |
          Lair |  13047 |  12429 |    618 |   4283 |   5443 |   6 | 2174.5 |
  Orcish Mines |   4787 |   4658 |    129 |   2642 |    842 |   2 | 2393.5 |
       Volcano |    460 |    460 |      0 |    235 |      0 |   1 |  460.0 |
               +--------+--------+--------+--------+--------+-----+--------+

Top non-repeatable levels by time:
  Lair:5: 2955 daAuts
  Lair:6: 2922 daAuts
  Lair:2: 2635 daAuts
   Orc:1: 2403 daAuts
   Orc:2: 2384 daAuts
     D:8: 1992 daAuts
  Lair:4: 1943 daAuts
     D:5: 1774 daAuts
    D:11: 1751 daAuts
     D:7: 1721 daAuts
     D:3: 1664 daAuts
     D:9: 1501 daAuts
  Lair:3: 1427 daAuts
     D:4: 1331 daAuts
     D:1: 1278 daAuts
